 Dungeon Crawl Stone Soup version 0.31-a0-1321-g5021b54 (webtiles) character file.

Game seed: 15698403817110598623

5965 Dorkslayer the Spear-Bearer (level 10, 0/77 HPs)
             Began as a Merfolk Fighter on Dec 17, 2023.
             Was an Initiate of Gozag.
             Succumbed to their own poison gas
             ... on level 9 of the Dungeon on Dec 20, 2023.
             The game lasted 00:36:16 (7222 turns).

Dorkslayer the Spear-Bearer (Merfolk Fighter)       Turns: 7222, Time: 00:36:17

Health: 0/77       AC: 19    Str: 21    XL:     10   Next: 84%
Magic:  10/10      EV: 11    Int:  7    God:    Gozag
Gold:   869        SH:  6    Dex: 20    Spells: 9/9 levels left

rFire   . . .        a - +2 trident (elec)
rCold   . . .        c - +0 buckler
rNeg    . . .        f - +1 plate armour
rPois   .            k - +0 helmet
rElec   .            (no cloak)
rCorr   .            (no gloves)
SInv    .            r - +0 pair of boots
Will    .....        (no amulet) Stlth
                     t - +6 ring of dexterity
HPRegen 0.32/turn    u - +4 ring of protection
MPRegen 0.12/turn

%: no passive effects
@: lethally poisoned (0 -> -17), on berserk cooldown, slowed, very slow
A: (nimble swimmer 2), mertail
a: Renounce Religion, Potion Petition, Call Merchant, Bribe Branch


You were on level 9 of the Dungeon.
You worshipped Gozag.
Gozag was pleased with you.
You visited 2 branches of the dungeon, and saw 11 of its levels.

You collected 937 gold pieces.
You paid 68 gold pieces to Gozag.

Inventory:

Hand Weapons
 a - a +2 trident of electrocution (weapon)
Missiles
 B - an atropa-tipped dart (quivered)
Armour
 c - a +0 buckler (worn)
 f - a +1 plate armour (worn)
 k - a +0 helmet (worn)
 r - a +0 pair of boots (worn)
 x - +0 ice dragon scales
Jewellery
 d - a ring of protection from fire
 t - a +6 ring of dexterity (left hand)
 u - a +4 ring of protection (right hand)
Wands
 z - a wand of flame (9)
Scrolls
 e - 2 scrolls of fog
 h - a scroll of blinking
 j - a scroll of immolation
 p - a scroll of enchant armour
 v - a scroll of fear
 w - a scroll of amnesia
 y - a scroll of enchant weapon
Potions
 b - a potion of lignification
 i - a potion of heal wounds {unknown}
 l - a potion of curing
 m - a potion of enlightenment
 n - 10 potions of brilliance
 q - a potion of cancellation {unknown}
 s - a potion of mutation


   Skills:
 + Level 6.5 Fighting
 + Level 12.4 Polearms
 + Level 0.7 Throwing
 + Level 5.1 Armour
 * Level 9.4 Dodging
 + Level 1.1 Stealth
 + Level 5.5 Shields
 * Level 5.0 Evocations


You had 9 spell levels left.
You didn't know any spells.
Your spell library contained the following spells:

 Spells                   Type           Power      Damage    Failure   Level
 Magic Dart               Conj           0%         1d3       100%        1
 Blink                    Tloc           0%         N/A       100%        2
 Searing Ray              Conj           0%         2d4       100%        2
 Dazzling Flash           Conj/Hex       0%         N/A       100%        3
 Hailstorm                Conj/Ice       0%         3d5       100%        3
 Inner Flame              Hex/Fire       0%         N/A       100%        3
 Fulminant Prism          Conj/Alch      0%         3d5       100%        4
 Manifold Assault         Tloc           0%         N/A       100%        4
 Summon Ice Beast         Ice/Summ       0%         N/A       100%        4
 Agony                    Necr           0%         N/A       100%        5
 Silence                  Hex/Air        0%         N/A       100%        5
 Yara's Violent Unravell  Hex/Alch       0%         3d3       100%        5
 Enfeeble                 Hex            0%         N/A       100%        7
 Simulacrum               Ice/Necr       Unusable   N/A       N/A         6

Dungeon Overview and Level Annotations

Branches:
Dungeon (10/15)            Temple (1/1) D:5
   Lair: D:8-11         Orc: D:9-12

Altars:
Ashenzari
Dithmenos
Elyvilon
Fedhas
Gozag
Hepliaklqana
Kikubaaqudgha
Makhleb
Nemelex Xobeh
Qazlal
Ru
Sif Muna
Trog
Uskayaw
Vehumet
Wu Jian
Yredelemnul
Zin
The Shining One

Annotations:
D:6 1 runed translucent door


Innate Abilities, Weirdness & Mutations

((You are very nimble when in or above water. (Stealth+, EV+, Speed+++)))
Your lower body shifts to a powerful aquatic tail in water.


Message History

You are poisoned.
* * * LOW HITPOINT WARNING * * *
x2 You feel very sick.
The elephant is engulfed in poison gas.
The elephant looks even sicker.
You block the elephant's attack. The elephant closely misses you.
Unknown command.
It was a potion of berserk rage.
A red film seems to cover your vision as you go berserk!
You feel yourself moving faster!
You feel mighty!
You are engulfed in poison gas.
You are lethally poisoned!
* * * LOW HITPOINT WARNING * * *
Your surroundings suddenly seem different. 2 orc wizards and 3 orcs come into view.
* * * LOW HITPOINT WARNING * * *
You feel extremely sick.
The orc wizard shouts!
The orc shouts! x3; You hear a shout!
You block the orc's attack. The orc hits you but does no damage.
The orc wizard gestures wildly while chanting.
The orc wizard flickers and vanishes!
Deactivating autopickup; reactivate with Ctrl-A.
You are too berserk!
You feel a strong urge to attack something.
* * * LOW HITPOINT WARNING * * *
You feel very sick. The orc wizard casts a spell at you.
The magic dart hits you but does no damage.
The orc attacks as it pursues you! You block the orc's attack.
The orc attacks as it pursues you! The orc hits you but does no damage.
* * * LOW HITPOINT WARNING * * *
You feel very sick. The orc hits you but does no damage.
You feel your anger nearly subside.
* * * LOW HITPOINT WARNING * * *
You feel very sick.
You are no longer berserk.
You are exhausted.
You feel yourself slow down.
You die...
Your body crumbles into a pile of gold.

#.# #.# ##
~~~♣~P
#.###.#
...##~~♣.
......#
......P.####
..#####
...........#
.># #oo#
##.# .##
#o.##....#
.#
#.o......#
.#
##.####...
.# #@# .#
#.......#
.######
##...####
........
....
######## ##.
# #


You could see an orc wizard and 3 orcs.

Vanquished Creatures
  2 two-headed ogres (D:10)
  The ghost of Ozzieoiler the Toxicologist, a novice DjFE of Fedhas (D:6)
  Grinder (D:3)
  A shadow (D:8)
  2 wyverns
  2 steam dragons (D:8)
  Menkaure (D:7)
  An orc warrior (D:9)
  A black bear (D:4)
  A sky beast (D:6)
  An ice beast (D:6)
  3 centaurs
  A kobold brigand (D:10)
  5 bullfrogs
  3 scorpions
  21 wights
  5 killer bees
  4 hounds
  5 jellies
  2 orc priests
  4 sleepcaps
  3 iguanas
  4 orc wizards
  12 gnolls
  8 adders
  A river rat (D:6)
  A white imp (D:8)
  6 dart slugs
  27 orcs
  8 ball pythons
  4 endoplasms
  5 giant cockroaches (D:1)
  5 goblins
  10 hobgoblins
  6 jackals (D:1)
  13 kobolds
  6 quokkas
  6 bats
  4 frilled lizards
  4 rats
200 creatures vanquished.

Notes
Turn   | Place    | Note
-------+----------+-------------------------------------------
     0 | D:1      | Dorkslayer the Merfolk Fighter began the quest for the Orb.
     0 | D:1      | Reached XP level 1. HP: 18/18 MP: 1/1
    64 | D:1      | Reached XP level 2. HP: 24/24 MP: 2/2
   109 | D:1      | Reached skill level 1 in Dodging
   141 | D:1      | Reached skill level 3 in Polearms
   159 | D:1      | Reached XP level 3. HP: 22/29 MP: 3/3
   201 | D:1      | Found a faded altar of an unknown god.
   703 | D:2      | Reached XP level 4. HP: 28/37 MP: 4/4
   707 | D:2      | Reached skill level 4 in Polearms
  1073 | D:2      | Reached XP level 5. HP: 39/42 MP: 5/5
  1548 | D:3      | Upgraded the game from 0.31-a0-1277-g9d81352 to
                  | 0.31-a0-1280-g1fbed5c
  1909 | D:3      | Noticed Grinder
  1921 | D:3      | Killed Grinder
  1922 | D:3      | Reached skill level 6 in Polearms
  1922 | D:3      | Reached XP level 6. HP: 43/48 MP: 6/6
  2445 | D:4      | Noticed a black bear
  2461 | D:4      | Killed a black bear
  2462 | D:4      | Reached XP level 7. HP: 28/54 MP: 7/7
  2721 | D:4      | Found a glowing silver altar of Zin.
  3340 | D:5      | Entered Level 5 of the Dungeon
  3408 | D:5      | Found a staircase to the Ecumenical Temple.
  3418 | D:5      | Found a sacrificial altar of Ru.
  3432 | D:5      | Reached skill level 7 in Polearms
  3454 | D:5      | Upgraded the game from 0.31-a0-1280-g1fbed5c to
                  | 0.31-a0-1321-g5021b54
  3753 | D:5      | Reached skill level 5 in Dodging
  4043 | D:5      | Reached XP level 8. HP: 61/61 MP: 8/8
  4053 | Temple   | Entered the Ecumenical Temple
  4080 | Temple   | Became a worshipper of Gozag Ym Sagoz the Greedy
  4296 | D:6      | Reached skill level 8 in Polearms
  4359 | D:6      | Found a runed translucent door.
  4359 | D:6      | Noticed Ozzieoiler's ghost (novice DjFE)
  4465 | D:6      | Found a runed translucent door.
  4561 | D:6      | Reached skill level 5 in Fighting
  4561 | D:6      | Reached skill level 1 in Evocations
  4665 | D:6      | Reached skill level 9 in Polearms
  4892 | D:6      | Reached XP level 9. HP: 63/68 MP: 9/9
  4901 | D:6      | Killed Ozzieoiler's ghost
  5056 | D:7      | Reached skill level 10 in Polearms
  5443 | D:7      | Noticed Menkaure
  5456 | D:7      | Killed Menkaure
  6066 | D:8      | Reached skill level 11 in Polearms
  6066 | D:8      | Reached skill level 5 in Shields
  6183 | D:8      | Reached XP level 10. HP: 72/76 MP: 10/10
  6742 | D:8      | You fall into a shaft and drop 2 floors!
  6742 | D:10     | Entered Level 10 of the Dungeon
  6764 | D:10     | Noticed a two-headed ogre
  6802 | D:10     | Killed a two-headed ogre
  6811 | D:10     | Noticed a two-headed ogre
  6831 | D:10     | Killed a two-headed ogre
  6832 | D:10     | Reached skill level 12 in Polearms
  6832 | D:10     | Reached skill level 5 in Armour
  6832 | D:10     | Reached skill level 1 in Stealth
  7194 | D:9      | Reached skill level 5 in Evocations
  7204 | D:9      | Noticed an elephant
  7221 | D:9      | HP: 4/115 [poisoned by you (poison gas)]
  7222 | D:9      | Succumbed to their own poison gas

Illustrated notes

Levels and vault maps discovered:
D:1:      lightli_arrival_flooded_house, layout_rooms, basic_ecumenical_altar,
          minmay_misc_feat_ornament, minmay_unequal
D:2:      layout_loops_ring
D:3:      layout_loops_ring, uniq_grinder
D:4:      kennysheep_spiral_hall, layout_basic,
          mainiacjoe_overflow_small_starburst
D:5:      layout_cave_pools, nicolae_ru_sacrificial_ziggurat, temple_fountains
D:6:      layout_basic, ebering_ghost_sewer_f, minmay_crossroads
D:7:      layout_loops_ring, uniq_menkaure
D:8:      layout_basic
D:9:      layout_loops_corners, david_lair_generic, serial_shops, shop,
          serial_bayou_pond_d, serial_bayou_lagoon_b
D:10:     minmay_evil_eye, layout_irregular_city, minitemple, serial_ice,
          serial_ice_j, serial_ice_n, serial_ice_a, serial_ice_h,
          amcnicky_mini_rare_corridor_liquid, grunt_ministairs_1
Temple:   bh_familiar_temple

Skill      XL: |  1  2  3  4  5  6  7  8  9 10 |
---------------+-------------------------------+-----
Dodging        | 1 2 4 5 6 7 9 |  9.4
Polearms       | 3 4 6 7 9 11 12 | 12.4
Fighting       | 4 5 6 |  6.5
Armour         | 3 4 5 |  5.1
Shields        | 4 5 |  5.5
Evocations     | 1 3 5 |  5.0
Stealth        | 1 |  1.1
Throwing       | |  0.7

Action                     |  1- 3 |  4- 6 |  7- 9 | 10-12 || total
---------------------------+-------+-------+-------+-------++-------
  Melee: Trident           |   143 |   169 |   343 |   155 ||   810
  Throw: Dart              |       |       |       |     8 ||     8
  Evoke: Wand              |       |       |    10 |     1 ||    11
    Use: Scroll            |       |    13 |     7 |     4 ||    24
         Potion            |       |     1 |     2 |     3 ||     6
   Stab: Invisible         |       |       |       |     2 ||     2
         Distracted        |       |       |       |     1 ||     1
 Armour: Scale mail        |   118 |    27 |       |       ||   145
         Plate armour      |       |    67 |   188 |    57 ||   312
  Dodge: Dodged            |    69 |    55 |    83 |    29 ||   236
  Block: Buckler           |    47 |    29 |    73 |    28 ||   177

Table legend: (Time is in decaauts)
 A = Elapsed time spent in this place.
 B = Non-inter-level travel time spent in this place.
 C = Inter-level travel time spent in this place.
 D = Time resting spent in this place.
 E = Time spent auto-exploring this place.
 F = Levels seen in this place.
 G = Mean time per level.
                   A        B        C        D        E       F      G
               +--------+--------+--------+--------+--------+-----+--------+
         Total |   7168 |   7168 |      0 |    613 |   3937 |  11 |  651.6 |
       Dungeon |   7114 |   7114 |      0 |    613 |   3937 |  10 |  711.4 |
        Temple |     53 |     53 |      0 |      0 |      0 |   1 |   53.0 |
               +--------+--------+--------+--------+--------+-----+--------+

Top non-repeatable levels by time:
     D:4: 1074 daAuts
     D:7: 920 daAuts
     D:5: 848 daAuts
     D:2: 824 daAuts
     D:3: 815 daAuts
     D:6: 790 daAuts
     D:8: 748 daAuts
     D:1: 662 daAuts
    D:10: 275 daAuts
     D:9: 155 daAuts
  Temple: 53 daAuts
